AoeStats
← all muted

Black Forest

509200778Analyzed
4v4 RM · 7d ago on Sep 25, 2026· 89m 25s· 8 players
Game mode
Random Map
Map size
Large (8 player)
Population
200
Speed
Normal
Resources
Standard
Victory
Conquest
Starting age
Dark Age
Ending age
Imperial Age
RankedLock teamsTeams togetherTeam positionsShared explorationLock speedFull tech treeHidden civsTurbo modeCheats
Victory
Defeat
🇬🇧 Romans · United Kingdom
1021
+14
🇩🇪 Britons · Germany
991
+17
🇮🇳 Franks · India
969
+16
🇲🇽 Teutons · Mexico
929
+17
🇸🇪 Teutons · Sweden
1062
-19
🇸🇪 Franks · Sweden
996
-17
🇨🇭 Sicilians · Switzerland
967
-16
🇸🇪 Byzantines · Sweden
833
-10
swa-lmhwra
13:30 Feudal Age
15:10 Double-Bit Axe
17:29 Castle Age
19:07 Bow Saw
23:54 Stone Mining
27:41 Wheelbarrow
30:22 Hand Cart
32:54 Imperial Age
30:29 Scale Mail Armor
31:00 Forging
33:58 Iron Casting
33:40 Chain Mail Armor
33:52 Scale Barding Armor
34:11 Husbandry
33:32 Cavalier
34:55 Conscription
36:19 Blast Furnace
35:51 Plate Mail Armor
35:11 Paladin
36:35 Chain Barding Armor
37:03 Squires
36:24 Pikeman
39:28 Plate Barding Armor
40:00 Elite Throwing Axeman
65:04 Capped Ram
77:33 Onager
83:46 Spies/Treason
marcoramos34m
7:37 Loom
10:12 Feudal Age
13:09 Horse Collar
17:54 Castle Age
18:54 Horse Collar
22:55 Double-Bit Axe
23:47 Wheelbarrow
25:12 Forging
25:08 Scale Barding Armor
25:30 Bloodlines
27:29 Gold Mining
27:29 Stone Mining
28:11 Heavy Plow
29:43 Iron Casting
29:29 Chain Barding Armor
30:20 Bow Saw
30:28 Hand Cart
31:49 Town Watch
32:34 Town Patrol
35:26 Imperial Age
36:00 Cavalier
37:48 Blast Furnace
37:24 Plate Barding Armor
37:26 Paladin
37:59 Pikeman
38:39 Squires
38:25 Gambesons
38:26 Arson
38:47 Scale Mail Armor
49:11 Stone Mining
59:02 Chemistry
60:18 Conscription
60:29 Onager
61:56 Siege Onager
77:54 Spies/Treason
JocKer_War2
0:36 Loom
13:40 Feudal Age
15:01 Wheelbarrow
14:08 Horse Collar
18:46 Castle Age
18:21 Double-Bit Axe
19:54 Hand Cart
27:42 Bow Saw
32:58 Fortified Wall
32:52 Gold Mining
32:53 Stone Mining
37:31 Imperial Age
37:07 Gold Shaft Mining
40:23 Pikeman
41:04 Squires
40:49 Gambesons
40:50 Arson
41:05 Halberdier
41:44 Fletching
41:54 Padded Archer Armor
42:16 Warwolf
42:37 Yeomen
42:38 Conscription
41:39 Elite Longbowman
43:07 Bodkin Arrow
43:27 Leather Archer Armor
43:23 Forging
43:14 Scale Mail Armor
43:24 Elite Skirmisher
43:24 Crossbowman
43:25 Cranequins
44:28 Heavy Plow
45:48 Ring Archer Armor
45:19 Bracer
47:03 Two-Man Saw
45:31 Arbalester
53:43 Iron Casting
53:23 Chain Mail Armor
55:47 Chemistry
55:04 Caravan
56:40 Blast Furnace
56:10 Plate Mail Armor
76:47 Spies/Treason
Horahlooks
0:26 Loom
12:51 Feudal Age
18:53 Castle Age
37:22 Fishing Lines
39:18 Wheelbarrow
38:29 Town Watch
39:30 Gillnets
40:13 Horse Collar
41:34 Heavy Plow
42:01 Hand Cart
42:16 Fortified Wall
45:36 Imperial Age
43:27 Hand Cart
45:51 Pikeman
46:31 Squires
47:07 Double-Bit Axe
47:58 Crop Rotation
47:09 Halberdier
49:20 Ballistics
50:00 Chemistry
49:33 Bow Saw
49:38 Scale Mail Armor
49:48 Forging
51:11 Chain Mail Armor
50:47 Heavy Scorpion
55:10 Capped Ram
57:42 Iron Casting
57:23 Ballistas
57:39 Conscription
57:31 Siege Engineers
57:38 Masonry
57:14 Capped Ram
61:07 Scale Barding Armor
62:35 Blast Furnace
61:57 Light Cavalry
62:47 Bloodlines
62:38 Husbandry
65:05 Siege Ram
72:15 Man-at-Arms
73:22 Chain Barding Armor
74:52 Man-at-Arms
77:31 Spies/Treason
all muted
14:57 Feudal Age
16:53 Horse Collar
17:01 Double-Bit Axe
17:12 Gold Mining
17:13 Stone Mining
18:05 Wheelbarrow
17:42 Fishing Lines
26:15 Castle Age
27:12 Hand Cart
26:43 Loom
26:55 Gillnets
27:17 Bow Saw
27:54 Gold Shaft Mining
28:24 Squires
27:51 Pikeman
30:51 Forging
30:41 Scale Mail Armor
30:47 Scale Barding Armor
30:32 Fletching
30:42 Padded Archer Armor
30:36 Elite Skirmisher
31:20 Husbandry
32:56 Stone Shaft Mining
37:13 Imperial Age
35:23 Fortified Wall
38:40 Heavy Plow
41:25 Halberdier
41:39 Heavy Camel Rider
42:57 Iron Casting
42:41 Chain Mail Armor
50:11 Chemistry
49:11 Murder Holes
49:00 Treadmill Crane
49:49 Logistica
51:42 Bombard Tower
52:08 Treadmill Crane
52:24 Murder Holes
61:45 Crop Rotation
63:50 Two-Man Saw
65:08 Onager
snor
1:59 Loom
12:56 Feudal Age
13:45 Fishing Lines
16:08 Double-Bit Axe
21:57 Scale Barding Armor
26:45 Castle Age
26:17 Stone Mining
28:41 Bow Saw
28:27 Gillnets
29:33 Chain Barding Armor
29:11 Gold Mining
31:09 Husbandry
31:29 Ordonnance Companies
33:28 Fletching
34:51 Coinage
34:25 Padded Archer Armor
35:03 Gold Shaft Mining
39:10 Caravan
39:47 Ballistics
44:15 Imperial Age
43:28 Wheelbarrow
42:39 Town Watch
44:25 Cavalier
46:49 Hand Cart
47:21 Banking
46:48 Paladin
48:37 Plate Barding Armor
48:10 Squires
47:35 Pikeman
49:16 Halberdier
50:03 Scale Mail Armor
50:14 Forging
51:19 Town Patrol
OpidilO WalkeR
0:50 Loom
10:34 Feudal Age
10:43 Man-at-Arms
12:12 Double-Bit Axe
18:42 Horse Collar
19:36 Scale Mail Armor
19:47 Forging
19:39 Arson
26:15 Castle Age
24:10 Stone Mining
25:36 Gold Mining
27:23 Scale Barding Armor
27:48 Guard Tower
28:48 Chain Barding Armor
29:32 Bow Saw
30:00 Heavy Plow
31:24 Wheelbarrow
31:27 Town Watch
32:56 Stone Shaft Mining
34:43 Chain Mail Armor
35:03 Iron Casting
37:39 Hand Cart
40:28 Imperial Age
39:07 Pikeman
39:48 Squires
41:04 Elite Teutonic Knight
42:05 Conscription
42:16 Plate Mail Armor
43:40 Crenellations
43:11 Fletching
44:21 Blast Furnace
42:54 Halberdier
44:38 Cavalier
45:57 Plate Barding Armor
45:34 Bodkin Arrow
48:39 Padded Archer Armor
49:51 Caravan
51:13 Gambesons
50:49 Long Swordsman
51:45 Leather Archer Armor
52:14 Two-Handed Swordsman
52:44 Paladin
56:33 Chemistry
55:40 Siege Engineers
55:46 Fortified Wall
55:12 Onager
57:36 Keep
57:21 Champion
59:01 Siege Onager
81:42 Bloodlines
Abraham Fistelquist
1:41 Loom
12:31 Feudal Age
13:49 Wheelbarrow
13:03 Double-Bit Axe
14:25 Wheelbarrow
15:49 Town Watch
18:56 Horse Collar
22:02 Arson
28:29 Forging
28:47 Fletching
34:35 Castle Age
33:20 Scale Mail Armor
35:47 Hand Cart
35:51 Heavy Plow
36:04 Bow Saw
40:55 Imperial Age
38:55 Squires
40:38 Pikeman
41:57 Iron Casting
41:38 Chain Mail Armor
41:19 Bodkin Arrow
42:06 Murder Holes
Connection lost

Rejoining the realm…

Still unreachable

The connection could not be restored.

Session expired

The server has moved on; the page needs a fresh start.